 Dungeon Crawl Stone Soup version 0.25-a0-310-g60f0ac2d9a (webtiles) character file.

Game seed: 17896605850335491508, levelgen mode: classic

1053 Borgoz the Skirmisher (level 8, 0/76 HPs)
             Began as a Gargoyle Berserker on Dec 23, 2019.
             Was an Elder of Trog.
             Slain by an orc priest (4 damage)
             ... on level 5 of the Dungeon.
             The game lasted 00:03:55 (3441 turns).

Borgoz the Skirmisher (Gargoyle Berserker)          Turns: 3441, Time: 00:03:56

Health: 0/76       AC: 11    Str: 26    XL:     8   Next: 26%
Magic:  8/8        EV: 13    Int:  8    God:    Trog [****..]
Gold:   257        SH:  0    Dex: 11    Spells: 7/7 levels left

rFire    . . .     SeeInvis .   m - +0 war axe
rCold    . . .     Gourm    .   (no shield)
rNeg     + . .     Faith    .   h - +0 ring mail
rPois    ∞         Spirit   .   (no helmet)
rElec    +         Reflect  .   (no cloak)
rCorr    .         Harm     .   (no gloves)
MR       .....                  (no boots)
Stlth    ..........             (no amulet)
HPRegen  0.22/turn              (no ring)
MPRegen  0.11/turn              (no ring)

@: berserking, very quick
A: negative energy resistance 1, electricity resistance, unbreathing,
petrification resistance, rot immunity, AC +5
a: Berserk, Trog's Hand, Brothers in Arms, Renounce Religion


You were on level 5 of the Dungeon.
You worshipped Trog.
Trog was greatly pleased with you.
You were hungry.

You visited 1 branch of the dungeon, and saw 5 of its levels.

You collected 257 gold pieces.

Inventory:

Hand Weapons
 g - a cursed -1 mace
 m - a +0 war axe (weapon)
Armour
 a - a +1 leather armour of cold resistance
 h - a +0 ring mail (worn)
Jewellery
 o - an uncursed amulet of guardian spirit
Wands
 v - a wand of random effects (21)
 x - a wand of paralysis (10)
Scrolls
 e - 4 scrolls of identify {unknown}
 f - 4 scrolls of remove curse {unknown}
 j - 2 scrolls of teleportation {unknown}
 q - a scroll of enchant weapon {unknown}
 t - a scroll of enchant armour {unknown}
 y - 2 scrolls of noise {unknown}
 z - 2 scrolls of immolation {unknown}
Potions
 b - a potion of resistance {unknown}
 d - 2 potions of berserk rage {unknown}
 i - a potion of cancellation {unknown}
 k - 2 potions of curing {unknown}
 l - 4 potions of heal wounds {unknown}
 n - a potion of flight {unknown}
 p - a potion of ambrosia {unknown}
 r - a potion of agility
 s - 2 potions of haste {unknown}
 u - a potion of mutation {unknown}
Comestibles
 c - 5 rations
 w - a chunk of flesh


   Skills:
 + Level 6.1 Fighting
 + Level 5.0 Axes
 + Level 5.5 Armour
 + Level 4.1 Dodging


You had 7 spell levels left.
You didn't know any spells.
Your spell library was empty.

Dungeon Overview and Level Annotations

Branches:
Dungeon (5/15)             Temple (0/1) D:4

Altars:
Fedhas
Trog

Annotations:
D:5 Prince Ribbit


Innate Abilities, Weirdness & Mutations

You are resistant to torment.
Your stone body is resilient. (AC +5)
You are immune to poison.
You resist negative energy. (rN+)
You are resistant to electric shocks. (rElec)
You can survive without breathing.
You are immune to petrification.
You are immune to rotting.


Message History

You hear a shout!
The orc priest mumbles some strange prayers to Beogh against you.
Pain shoots through your body!
* * * LOW HITPOINT WARNING * * *
Prince Ribbit croaks regally.
Prince Ribbit hits you!
* * * LOW HITPOINT WARNING * * *
The orc priest barely misses you.
You miss Prince Ribbit.
Prince Ribbit is severely wounded.
You completely miss the orc priest. You hit the orc priest.
The orc priest calls down the wrath of Beogh upon you.
Pain shoots through your body!
* * * LOW HITPOINT WARNING * * *
Prince Ribbit closely misses you.
Your ring mail prevents you from hitting the orc priest.
You slash Prince Ribbit! You hit the orc priest.
Prince Ribbit closely misses you. The orc priest misses you.
The orc priest hits you.
You die...

.........#. .......... .#
#......
........<.#.###......
.........##.......#.###
.........##...........#
$..h..................#
......oo.............(#
.....5F@............>.#
.######.##............#
#.##...........## ..#
#.......##.#†.##
..###.#####<>..#..#
#.#...### #.##.#..# # ###
##.......###.#.....# .. ..##
#...##.#.##..#..##.# ..
..).##.#..............#.##..


You could see Prince Ribbit, 2 orc priests, a shadow imp and a jackal.

Vanquished Creatures
  An orc warrior (D:4)
  4 ogres
  2 scorpions
  A crimson imp (D:5)
  An orc priest (D:3)
  A centaur skeleton (D:4)
  4 orc wizards
  A bullfrog skeleton (D:5)
  4 worker ants
  7 adders
  2 adder skeletons
  2 worms (D:3)
  2 dart slugs
  6 leopard geckos
  11 orcs
  2 ball pythons
  8 giant cockroaches
  10 goblins
  9 hobgoblins
  4 jackals
  2 quokkas (D:2)
  10 bats
  A jackal skeleton (D:4)
  9 kobolds
  A leopard gecko zombie (D:5)
  12 rats
117 creatures vanquished.

Notes
Turn   | Place    | Note
-------+----------+-------------------------------------------
     0 | D:1      | Borgoz the Gargoyle Berserker began the quest for the Orb.
     0 | D:1      | Reached XP level 1. HP: 14/14 MP: 1/1
   243 | D:1      | Reached XP level 2. HP: 18/19 MP: 2/2
   446 | D:1      | Reached XP level 3. HP: 21/23 MP: 3/3
   805 | D:2      | Reached ** piety under Trog
   925 | D:2      | Found a blossoming altar of Fedhas.
   975 | D:2      | Reached XP level 4. HP: 22/29 MP: 4/4
  1275 | D:2      | Found a faded altar of an unknown god.
  1337 | D:2      | Reached skill level 4 in Fighting
  1540 | D:3      | You fall into a shaft and drop 1 floor!
  1541 | D:4      | Noticed an orc warrior
  1553 | D:4      | Killed an orc warrior
  1553 | D:4      | Reached XP level 5. HP: 7/34 MP: 5/5
  1731 | D:4      | Found a bloodstained altar of Trog.
  1734 | D:4      | Noticed an ogre
  1744 | D:4      | Killed an ogre
  1744 | D:4      | Reached XP level 6. HP: 10/39 MP: 6/6
  1914 | D:4      | Reached *** piety under Trog
  2248 | D:3      | Reached skill level 5 in Fighting
  2400 | D:3      | Reached XP level 7. HP: 44/44 MP: 7/7
  2548 | D:4      | Found a staircase to the Ecumenical Temple.
  2570 | D:4      | HP: 3/66 [ogre/+0 giant spiked club (14)]
  2889 | D:4      | Reached skill level 5 in Armour
  3247 | D:5      | Entered Level 5 of the Dungeon
  3256 | D:5      | Reached XP level 8. HP: 51/51 MP: 8/8
  3338 | D:5      | Reached **** piety under Trog
  3390 | D:5      | Reached skill level 6 in Fighting
  3414 | D:5      | Reached skill level 5 in Axes
  3430 | D:5      | Noticed Prince Ribbit
  3441 | D:5      | Slain by an orc priest

Levels and vault maps discovered:
D:1:      dpeg_arrival_subterranean_lakeside_camping, layout_basic,
          serial_bayou_lagoon_a
D:2:      layout_loops_ring, fedhas_altar_3, chequers_ecumenical_altar_simple,
          first_ration
D:3:      layout_rooms, minmay_misc_feat_hallway
D:4:      layout_rooms, minmay_temple_entry_arrows, trog_three_pillars_becter
D:5:      layout_rooms, uniq_prince_ribbit1, uniq_edmund, uniq_sigmund

Skill      XL: |  1  2  3  4  5  6  7  8 |
---------------+-------------------------+-----
Axes           | 3 4 5 |  5.0
Dodging        | 2 3 4 |  4.1
Armour         | 3 4 5 |  5.5
Fighting       | 4 5 6 |  6.1

Action                   |  1- 3 |  4- 6 |  7- 9 || total
-------------------------+-------+-------+-------++-------
Melee: Hand axe          |   150 |   100 |       ||   250
       War axe           |       |    61 |    85 ||   146
Invok: Berserk           |       |     3 |     3 ||     6
  Eat: Chunk             |     1 |     6 |     7 ||    14
Armor: Animal skin       |    19 |       |       ||    19
       Ring mail         |    66 |    63 |    40 ||   169
Dodge: Dodged            |   103 |   110 |    72 ||   285

Table legend:
 A = Non-vault XP
 B = Vault XP
 C = Vault XP percentage of total XP
 D = Non-vault monster count
 E = Vault monster count
 F = Vault count percentage of total count
                 A         B        C        D         E       F
            +---------+---------+-------+---------+---------+-------
      Total |    1496 |       9 |   0.6 |     111 |       6 |   5.1
            +---------+---------+-------+---------+---------+-------
        D:1 |      36 |       9 |  20.0 |      22 |       6 |  21.4
        D:2 |      61 |       0 |   0.0 |      21 |       0 |   0.0
        D:3 |     132 |       0 |   0.0 |      30 |       0 |   0.0
        D:4 |     794 |       0 |   0.0 |      21 |       0 |   0.0
        D:5 |     473 |       0 |   0.0 |      17 |       0 |   0.0
            +---------+---------+-------+---------+---------+-------
